 Dungeon Crawl Stone Soup version 0.19.0-2-gae57169 (webtiles) character file.

4341 Franakus the Destroyer (level 10, -5/60 HPs)
             Began as an Octopode Conjurer on Nov 5, 2016.
             Was a Priest of Vehumet.
             Slain by a hippogriff (6 damage)
             ... on level 7 of the Dungeon.
             The game lasted 01:37:05 (8843 turns).

Franakus the Destroyer (Octopode Conjurer)          Turns: 8843, Time: 01:37:08

Health: -5/60      AC:  4    Str:  8    XL:     10   Next: 33%
Magic:  1/19       EV: 15    Int: 24    God:    Vehumet [***...]
Gold:   296        SH:  0    Dex: 18    Spells: 5 memorised, 8 levels left

rFire  . . .     SeeInvis .     m - staff of cold (curse)
rCold  + . .     Gourm    .     (no shield)
rNeg   . . .     Faith    .     (helmet restricted)
rPois  +         Spirit   .     (no amulet)
rElec  .         Reflect  .     j - +3 ring of protection
rCorr  .         Harm     .     t - +5 ring of dexterity
MR     .....                    y - ring of poison resistance
Stlth  ++++......               B - +4 ring of intelligence
                                I - +4 ring of slaying
                                (no ring)
                                (no ring)
                                (no ring)

@: no status effects
A: almost no armour, stealthy swim, amphibious, 8 rings, constrict 8, camouflage
1, gelatinous body 1
a: Renounce Religion


You were on level 7 of the Dungeon.
You worshipped Vehumet.
Vehumet was most pleased with you.
You were near starving.

You visited 1 branch of the dungeon, and saw 8 of its levels.

You collected 373 gold pieces.
You spent 77 gold pieces at shops.

Inventory:

Hand Weapons
 u - a +1 flail of crushing
 A - a +0 hunting sling
 G - a +5 quarterstaff of chaos
 J - a +0 whip of electrocution
 R - a +2 spear of venom
 S - a +1 vampiric trident
Missiles
 e - 32 sling bullets
 w - 7 tomahawks (quivered)
Magical Staves
 m - a cursed staff of cold (weapon)
Jewellery
 d - an uncursed ring of teleportation
 j - a +3 ring of protection (left tentacle)
 t - a +5 ring of dexterity (right tentacle)
 y - a ring of poison resistance (on tentacle)
 B - a +4 ring of intelligence (on tentacle)
 I - a +4 ring of slaying (on tentacle)
 N - an uncursed ring of fire
Wands
 z - a wand of digging (13/24)
 M - a wand of slowing (24/48)
Scrolls
 h - a scroll of enchant weapon
 l - 4 scrolls of identify
 n - 3 scrolls of teleportation
 q - a scroll of recharging {unknown}
 v - a scroll of enchant armour {unknown}
 x - a scroll of noise {unknown}
 D - 4 scrolls of remove curse
 H - a scroll of fog
 O - 2 scrolls of magic mapping
 Q - a scroll of random uselessness {unknown}
Potions
 c - a potion of curing {unknown}
 f - a potion of mutation {unknown}
 g - a potion of flight {unknown}
 i - 2 potions of heal wounds
 k - a potion of resistance {unknown}
 o - a potion of haste {unknown}
 p - a potion of invisibility
 r - a potion of brilliance {unknown}
 C - a potion of agility
 E - a potion of beneficial mutation {unknown}
 L - a potion of might
 P - a potion of magic {unknown}
Books
 a - a book of Conjurations

   Spells                             Type                      Level
   a - Magic Dart                     Conjuration                  1
   b - Searing Ray                    Conjuration                  2
   c - Dazzling Spray                 Conjuration/Hexes            3
   d - Fulminant Prism                Conjuration/Hexes            4
   e - Iskenderun's Mystic Blast      Conjuration                  4
   f - Iskenderun's Battlesphere      Conjuration/Charms           5
Comestibles
 b - 5 bread rations
 s - 2 royal jellies
 F - 2 meat rations
 K - 3 fruits


   Skills:
 + Level 1.8 Fighting
 + Level 2.7 Staves
 + Level 3.1 Dodging
 + Level 5.0 Stealth
 * Level 6.1 Spellcasting
 - Level 9.1 Conjurations
 - Level 7.6 Charms
 + Level 4.6 Ice Magic


You had 8 spell levels left.
You knew the following spells:

 Your Spells              Type           Power        Failure   Level  Hunger
a - Magic Dart            Conj           ####         1%          1    None
b - Searing Ray           Conj           ######       1%          2    None
c - Iskenderun's Mystic   Conj           ######..     1%          4    ###....
d - Iskenderun's Battles  Conj/Chrm      #####...     2%          5    #####..
e - Freeze                Ice            ####         1%          1    None


Dungeon Overview and Level Annotations

Branches:
Dungeon (8/15)             Temple (0/1) D:7
   Lair: D:8-11

Altars:
Elyvilon
Gozag
Makhleb
Okawaru
Ru
Sif Muna
Vehumet

Shops:
D:6 *


Innate Abilities, Weirdness & Mutations

You cannot wear most types of armour.
You are very stealthy in the water. (Stealth+)
You are amphibious.
You can wear up to eight rings at the same time.
You can use your tentacles to constrict eight enemies at once.
Your skin changes colour to match your surroundings (Stealth+).
Your rubbery body absorbs attacks. (AC +1, EV +1)


Message History

Your battlesphere fires!
The barrage of energy hits the hippogriff.
The hippogriff is severely wounded.
The hippogriff bites you!
* * * LOW HITPOINT WARNING * * *
The hippogriff pecks you but does no damage.
The hippogriff claws you.
* * * LOW HITPOINT WARNING * * *
Casting: Magic Dart
Confirm with . or Enter, or press ? or * to list all spells.
Aiming: Magic Dart
Press: ? - help, Shift-Dir - straight line, f/p - hippogriff
Aim: a hippogriff (severely wounded)
The magic dart hits the hippogriff.
The hippogriff is severely wounded.
Your battlesphere fires!
The barrage of energy hits the hippogriff.
The hippogriff is almost dead.
The hippogriff misses you. The hippogriff pecks you.
You die...

#....† #..... #.....
#.....
###################.....
#.......................
#....*.............#+###
#.......H..........#....
#......@...........'....
#..................#....
#..................#....
####'###############....
#.....#...........#....
#.....#...........'....
#.....#...........#....
#.....#...........#....
#######################


You could see a hippogriff and a friendly battlesphere.

Vanquished Creatures
  Pikel (D:6)
  Prince Ribbit (D:5)
  A hippogriff (D:7)
  Edmund (D:6)
  A water moccasin (D:6)
  4 ice beasts
  2 necrophages
  4 ogres
  A centaur (D:5)
  4 bullfrogs
  A gnoll sergeant (D:8)
  A water moccasin zombie (D:7)
  2 scorpions
  12 killer bees (D:8)
  3 crimson imps
  A bullfrog zombie (D:5)
  A quasit (D:5)
  2 bullfrog skeletons
  5 hounds
  A jelly (D:7)
  2 centaur skeletons
  Crazy Yiuf (D:5)
  4 orc priests
  8 worker ants
  An iguana (D:5)
  5 orc wizards
  3 hound skeletons
  A worker ant zombie (D:5)
  13 gnolls
  9 adders
  3 shadow imps
  5 oozes
  3 worms
  3 dart slugs
  5 leopard geckos
  17 orcs
  12 bats
  A giant cockroach (D:2)
  14 goblins
  A hobgoblin (D:3)
  2 jackals (D:2)
  6 quokkas
  4 ball pythons
  A ball python zombie (D:5)
  10 frilled lizards
  6 kobolds
  6 rats
195 creatures vanquished.

Vanquished Creatures (others)
  A bullfrog (D:6)
1 creature vanquished.

Grand Total: 196 creatures vanquished

Notes
Turn   | Place    | Note
-------+----------+-------------------------------------------
     0 | D:1      | Franakus the Octopode Conjurer began the quest for the Orb.
     0 | D:1      | Reached XP level 1. HP: 11/11 MP: 3/3
   146 | D:1      | Reached XP level 2. HP: 16/17 MP: 5/5
   150 | D:1      | Learned a level 2 spell: Searing Ray
   520 | D:1      | Reached XP level 3. HP: 15/21 MP: 6/6
  1034 | D:2      | Reached XP level 4. HP: 21/27 MP: 7/7
  1040 | D:2      | Learned a level 4 spell: Iskenderun's Mystic Blast
  1474 | D:2      | Found an opulent altar of Gozag.
  2199 | D:3      | Found a burning altar of Makhleb.
  2200 | D:3      | Found a sacrificial altar of Ru.
  2200 | D:3      | Found a radiant altar of Vehumet.
  2201 | D:3      | Found a deep blue altar of Sif Muna.
  2214 | D:3      | Became a worshipper of Vehumet
  2329 | D:3      | Reached XP level 5. HP: 27/32 MP: 9/9
  3212 | D:4      | Reached XP level 6. HP: 37/37 MP: 9/12
  3219 | D:4      | Learned a level 5 spell: Iskenderun's Battlesphere
  3399 | D:4      | Reached skill level 5 in Conjurations
  3597 | D:4      | Reached skill level 1 in Charms
  4153 | D:4      | Reached * piety under Vehumet
  4153 | D:4      | Offered knowledge of Freeze by Vehumet.
  4163 | D:4      | Learned a level 1 spell: Freeze
  4289 | D:5      | Entered Level 5 of the Dungeon
  4301 | D:5      | Reached XP level 7. HP: 42/42 MP: 5/14
  4410 | D:5      | Reached skill level 1 in Ice Magic
  4845 | D:5      | Noticed Prince Ribbit
  4893 | D:5      | Killed Prince Ribbit
  5120 | D:5      | Reached XP level 8. HP: 29/47 MP: 2/15
  5531 | D:5      | Reached skill level 5 in Charms
  5565 | D:5      | Found a runed door.
  5616 | D:5      | Noticed Crazy Yiuf
  5619 | D:5      | Killed Crazy Yiuf
  5702 | D:6      | Found Plog's General Store.
  5705 | D:6      | Bought a scroll of identify for 22 gold pieces
  5705 | D:6      | Bought a scroll of teleportation for 33 gold pieces
  5705 | D:6      | Bought a scroll of fog for 22 gold pieces
  5706 | D:6      | Noticed Edmund
  5840 | D:6      | Killed Edmund
  5930 | D:6      | Noticed Pikel
  6117 | D:5      | Reached skill level 6 in Conjurations
  6465 | D:6      | Reached XP level 9. HP: 31/52 MP: 9/16
  6575 | D:6      | Killed Pikel
  6575 | D:6      | Reached skill level 7 in Conjurations
  6673 | D:6      | Reached skill level 8 in Conjurations
  6959 | D:7      | Offered knowledge of Throw Flame by Vehumet.
  7018 | D:7      | Found an iron altar of Okawaru.
  7076 | D:7      | Reached ** piety under Vehumet
  7076 | D:7      | Reached skill level 9 in Conjurations
  7428 | D:7      | Reached skill level 5 in Spellcasting
  7503 | D:7      | Reached skill level 1 in Fighting
  7552 | D:7      | Found a staircase to the Ecumenical Temple.
  7802 | D:8      | Reached XP level 10. HP: 50/58 MP: 18/18
  7873 | D:8      | Found a white marble altar of Elyvilon.
  8187 | D:8      | Reached skill level 1 in Staves
  8293 | D:8      | Offered knowledge of Conjure Flame by Vehumet.
  8708 | D:8      | Reached *** piety under Vehumet
  8796 | D:8      | Reached skill level 5 in Stealth
  8842 | D:7      | HP: 1/60 [hippogriff (5)]
  8843 | D:7      | Slain by a hippogriff

Skill      XL: |  1  2  3  4  5  6  7  8  9 10 |
---------------+-------------------------------+-----
Stealth        | 3 4 5 |  5.0
Spellcasting   | 3 4 5 6 |  6.1
Conjurations   | 5 6 9 |  9.1
Charms         | 1 3 6 7 |  7.6
Ice Magic      | 3 4 |  4.6
Fighting       | 1 |  1.8
Staves         | 2 |  2.7
Dodging        | 3 |  3.1

Action                   |  1- 3 |  4- 6 |  7- 9 | 10-12 || total
-------------------------+-------+-------+-------+-------++-------
Melee: Unarmed           |    66 |    53 |       |       ||   119
       Constrict         |    19 |    30 |    23 |     5 ||    77
       Tentacles         |    10 |    18 |    26 |     5 ||    59
       Staff             |       |    45 |    81 |    14 ||   140
 Cast: Magic Dart        |    10 |    38 |    61 |    21 ||   130
       Searing Ray       |     4 |    17 |    30 |    16 ||    67
       Iskenderun's Myst |       |     9 |    10 |       ||    19
       Freeze            |       |     6 |    28 |       ||    34
       Iskenderun's Batt |       |       |     2 |     4 ||     6
  Use: Scroll            |     2 |     1 |     2 |     1 ||     6
       Potion            |       |       |       |     3 ||     3
 Stab: Sleeping          |     8 |    11 |     2 |     1 ||    22
  Eat: Chunk             |     1 |     9 |     9 |     3 ||    22
       Pizza             |       |     2 |       |       ||     2
       Beef jerky        |       |       |     1 |       ||     1
       Royal jelly       |       |       |     1 |       ||     1
       Fruit             |       |       |     1 |       ||     1
Armor: Skin              |     9 |    13 |    33 |     9 ||    64
Dodge: Dodged            |    51 |    65 |   120 |    85 ||   321
